 Dungeon Crawl Stone Soup version 0.31-a0-986-g5e6e4ef867 (webtiles) character file.

Game seed: 7934256746977854438

58 wildpjah the Poker (level 4, -1/34 HPs)
             Began as a Merfolk Warper on Nov 18, 2023.
             Slain by a cerulean imp
             ... wielding a +2 spear
             ... summoned by Natasha
              (6 damage)
             ... on level 3 of the Dungeon.
             The game lasted 00:01:59 (1684 turns).

wildpjah the Poker (Merfolk Warper)                 Turns: 1684, Time: 00:02:00

Health: -1/34      AC:  3    Str: 13    XL:     4   Next: 1%
Magic:  7/7        EV: 12    Int: 12    God:
Gold:   106        SH:  0    Dex: 13    Spells: 5/7 levels left

rFire   . . .        a - +0 spear
rCold   . . .        (no shield)
rNeg    . . .        b - +0 leather armour
rPois   .            (no helmet)
rElec   .            (no cloak)
rCorr   .            (no gloves)
SInv    .            (no boots)
Will    .....        (no amulet)
Stlth   +            n - ring of flight
HPRegen 0.25/turn    (no ring)
MPRegen 0.10/turn

%: no passive effects
@: flying, slowed, very slow
A: (nimble swimmer 2), mertail
a: no special abilities


You were on level 3 of the Dungeon.
You visited 1 branch of the dungeon, and saw 3 of its levels.

You collected 106 gold pieces.

Inventory:

Hand Weapons
 a - a +0 spear (weapon)
Missiles
 d - 7 darts of dispersal (quivered)
Armour
 b - a +0 leather armour (worn)
Jewellery
 n - a ring of flight (left hand)
Scrolls
 c - 2 scrolls of blinking
 e - 2 scrolls of enchant armour {unknown}
 g - a scroll of fear {unknown}
 h - 2 scrolls of amnesia {unknown}
 i - 2 scrolls of teleportation {unknown}
 j - a scroll of brand weapon {unknown}
 k - 2 scrolls of identify {unknown}
 q - a scroll of fog {unknown}
 r - a scroll of noise {unknown}
Potions
 f - a potion of degeneration {unknown}
 l - a potion of heal wounds {unknown}
 m - a potion of curing {unknown}
 o - a potion of brilliance {unknown}
 p - a potion of mutation {unknown}


   Skills:
 + Level 2.6 Fighting
 + Level 3.5 Polearms
 + Level 1.0 Throwing
 + Level 1.0 Armour
 + Level 3.4 Dodging
 + Level 0.6 Stealth
 + Level 2.0 Spellcasting
 + Level 2.9 Translocations


You had 5 spell levels left.
You knew the following spells:

 Your Spells              Type           Power      Damage    Failure   Level
a - Blink                 Tloc           16%        N/A       16%         2

Your spell library contained the following spells:

 Spells                   Type           Power      Damage    Failure   Level
 Lesser Beckoning         Tloc           16%        N/A       16%         2
 Teleport Other           Tloc           8%         N/A       30%         3
 Inner Flame              Hex/Fire       1%         N/A       71%         3
 Manifold Assault         Tloc           8%         N/A       71%         4
 Vhi's Electric Charge    Tloc/Air       8%         N/A       88%         4
 Flame Wave               Conj/Fire      1%         2d4       98%         4
 Sticky Flame             Conj/Fire      1%         2d3       98%         4


Dungeon Overview and Level Annotations

Branches:
Dungeon (3/15)

Altars:

Annotations:
D:3 Natasha


Innate Abilities, Weirdness & Mutations

((You are very nimble when in or above water. (Stealth+, EV+, Speed+++)))
Your lower body shifts to a powerful aquatic tail in water.


Message History

Natasha is severely wounded.
Natasha casts a spell.
You hit Natasha.
Natasha is almost dead.
Natasha stares at you and mumbles some strange words.
You feel yourself slow down.
You completely miss Natasha.
Natasha is almost dead.
The cerulean imp barely misses you.
Natasha stares at you and mumbles some strange words.
You resist with some effort.
You closely miss Natasha.
Natasha is almost dead.
The cerulean imp hits you from afar with a +2 spear.
Natasha claws you.
You hit Natasha but do no damage.
Natasha is almost dead.
The cerulean imp hits you from afar with a +2 spear.
Natasha completely misses you. The cerulean imp completely misses you.
Natasha claws you.
* * * LOW HITPOINT WARNING * * *
You are too injured to fight recklessly!
You are too injured to fight recklessly!
You are too injured to fight recklessly!
You are too injured to fight recklessly!
You are too injured to fight recklessly!
You are too injured to fight recklessly!
You are too injured to fight recklessly!
You are too injured to fight recklessly!
You are too injured to fight recklessly!
You hit Natasha but do no damage.
Natasha is severely wounded.
The cerulean imp hits you from afar with a +2 spear.
* * * LOW HITPOINT WARNING * * *
Natasha claws you.
* * * LOW HITPOINT WARNING * * *
You barely miss Natasha.
Natasha is severely wounded.
The cerulean imp hits you from afar with a +2 spear.
You die...

# #..## #.........# #..#
###.#.###.######.#
#..####.....# #........#
#.......#.#.###.########
#.#######.#.....# #.#
#.###.### #.# #.# #.#
#.# #.# #.# ##.#######.#
#@# ###..........# #h#
...#.######### 5#B
###.#.########.# #.
#.###........# #.
##.#.######## ## ##.##
###


You could see Natasha, a cerulean imp (summoned) and a giant cockroach.

Vanquished Creatures
  2 adders
  A dart slug (D:1)
  2 endoplasms (D:3)
  2 giant cockroaches
  2 goblins (D:1)
  2 hobgoblins
  5 kobolds
  2 quokkas
  4 ball pythons (D:1)
  4 bats
  5 frilled lizards
  8 rats
39 creatures vanquished.

Notes
Turn   | Place    | Note
-------+----------+-------------------------------------------
     0 | D:1      | wildpjah the Merfolk Warper began the quest for the Orb.
     0 | D:1      | Reached XP level 1. HP: 16/16 MP: 3/3
   253 | D:1      | Reached XP level 2. HP: 22/22 MP: 5/5
   590 | D:1      | Reached XP level 3. HP: 28/28 MP: 6/6
   713 | D:1      | Learned a level 2 spell: Blink
   771 | D:2      | Reached skill level 1 in Armour
  1613 | D:3      | Reached XP level 4. HP: 31/34 MP: 7/7
  1673 | D:3      | Noticed Natasha
  1684 | D:3      | Slain by a cerulean imp

Illustrated notes

Levels and vault maps discovered:
D:1:      dpeg_arrival_arbitrary_a, layout_basic, minmay_domino_4
D:2:      layout_loops_ring
D:3:      layout_loops_ring, uniq_natasha

Skill      XL: |  1  2  3 |
---------------+----------+-----
Dodging        | 3 |  3.4
Polearms       | 3 |  3.5
Armour         | 1 |  1.0
Fighting       | |  2.6
Throwing       | |  1.0
Stealth        | |  0.6
Spellcasting   | |  2.0
Translocations | |  2.9

Action                     |  1- 3 |  4- 6 || total
---------------------------+-------+-------++-------
  Melee: Spear             |   153 |    11 ||   164
         Punch             |     1 |       ||     1
   Stab: Sleeping          |     2 |       ||     2
 Armour: Leather armour    |    53 |     8 ||    61
  Dodge: Dodged            |    74 |     5 ||    79

Table legend: (Time is in decaauts)
 A = Elapsed time spent in this place.
 B = Non-inter-level travel time spent in this place.
 C = Inter-level travel time spent in this place.
 D = Time resting spent in this place.
 E = Time spent auto-exploring this place.
 F = Levels seen in this place.
 G = Mean time per level.
                   A        B        C        D        E       F      G
               +--------+--------+--------+--------+--------+-----+--------+
         Total |   1675 |   1641 |     34 |      0 |   1360 |   3 |  558.3 |
       Dungeon |   1675 |   1641 |     34 |      0 |   1360 |   3 |  558.3 |
               +--------+--------+--------+--------+--------+-----+--------+

Top non-repeatable levels by time:
     D:1: 730 daAuts
     D:2: 626 daAuts
     D:3: 319 daAuts
